 Dungeon Crawl Stone Soup version 0.21-a0-233-g0929f2e (webtiles) character file.

36832 JackS81 the Fighter (level 13, -2/222 HPs)
             Began as an Ogre Berserker on Sept 2, 2017.
             Was an Elder of Trog.
             Slain by a yak (12 damage)
             ... on level 4 of the Lair of Beasts.
             The game lasted 01:12:50 (13879 turns).

JackS81 the Fighter (Ogre Berserker)               Turns: 13879, Time: 01:12:51

Health: -2/222     AC:  7    Str: 33    XL:     13   Next: 92%
Magic:  19/19      EV: 13    Int:  8    God:    Trog [****..]
Gold:   861        SH:  0    Dex:  8    Spells: 12/12 levels left

rFire    . . .     SeeInvis +   m - +3 quarterstaff (chaos)
rCold    . . .     Gourm    .   (shield currently unavailable)
rNeg     . . .     Faith    .   Z - +1 steam dragon scales
rPois    +         Spirit   .   (helmet restricted)
rElec    .         Reflect  .   p - scarf {repulsion}
rCorr    .         Harm     .   (gloves unavailable)
MR       +++..                  (boots unavailable)
Stlth    ..........             (no amulet)
HPRegen  1.47/turn              f - ring of poison resistance
MPRegen  0.16/turn              i - ring of see invisible

@: berserking, regenerating, repel missiles, very quick
A: unfitting armour, tough skin 1
a: Berserk, Trog's Hand, Brothers in Arms, Burn Spellbooks, Renounce Religion


You were on level 4 of the Lair of Beasts.
You worshipped Trog.
Trog was greatly pleased with you.
You were hungry.

You visited 2 branches of the dungeon, and saw 14 of its levels.

You collected 941 gold pieces.
You spent 80 gold pieces at shops.

Inventory:

Hand Weapons
 b - a +2 arbalest of freezing
 e - a +0 spear of pain
 m - a +3 quarterstaff of chaos (weapon)
 o - a +2 spear of piercing
 H - a +2 morningstar of holy wrath
 Y - a +3 giant club
Missiles
 d - 123 arrows
 k - 79 poisoned needles
 l - 105 bolts
 B - 20 tomahawks (quivered)
 L - 7 needles of paralysis
 U - 2 needles of confusion
Armour
 j - +0 steam dragon scales
 p - a scarf of repulsion (worn)
 T - a cursed +0 buckler
 Z - +1 steam dragon scales (worn)
Jewellery
 f - a ring of poison resistance (left hand)
 i - a ring of see invisible (right hand)
 q - an uncursed ring of protection from fire
 y - an uncursed ring of stealth
Wands
 c - a wand of paralysis (6/24)
 r - a wand of disintegration (19/24)
 D - a wand of confusion (19/48)
 G - a wand of enslavement (16/24)
 I - a wand of iceblast (8/15)
 M - a wand of confusion (24/48)
 S - a wand of confusion (12/48)
 V - a wand of acid (10/15)
 W - a wand of flame (24/48)
 X - a wand of paralysis (19/24)
Scrolls
 g - 13 scrolls of teleportation
 n - 3 scrolls of fear
 t - 5 scrolls of magic mapping
 C - a scroll of fog
 K - 6 scrolls of remove curse
Potions
 h - a potion of haste
 s - a potion of curing
 v - a potion of brilliance {unknown}
 w - 2 potions of agility {unknown}
 z - 2 potions of might
 A - a potion of resistance {unknown}
 E - a potion of berserk rage {unknown}
 F - 3 potions of flight {unknown}
 N - a potion of mutation {unknown}
 O - 2 potions of cancellation {unknown}
Books
 J - a book of Conjurations

   Spells                             Type                      Level
   a - Magic Dart                     Conjuration                  1
   b - Searing Ray                    Conjuration                  2
   c - Dazzling Spray                 Conjuration/Hexes            3
   d - Fulminant Prism                Conjuration/Hexes            4
   e - Force Lance                    Conjuration/Translocation    4
   f - Iskenderun's Mystic Blast      Conjuration                  4
   Trog disapproves of the use of such an item.
Comestibles
 u - 3 royal jellies
 x - 5 chunks of flesh
 P - 17 fruits
 Q - 3 bread rations
 R - 6 meat rations


   Skills:
 + Level 14.9 Fighting
 - Level 5.1(9.4) Maces & Flails
 + Level 13.0(13.3) Staves
 + Level 9.6 Dodging
   Level 3.2 Invocations
 * Level 8.1 Evocations


You had 12 spell levels left.
You didn't know any spells.

Dungeon Overview and Level Annotations

Branches:
Dungeon (10/15)            Temple (0/1) D:7            Lair (4/6) D:10
  Snake (0/4) Lair:3          Orc (0/2) D:10
  Swamp: Lair:2-4    Shoals: Lair:2-4

Altars:
Ashenzari
Elyvilon
Hepliaklqana
Kikubaaqudgha
Makhleb
Nemelex Xobeh
Ru
Vehumet
Wu Jian
The Shining One

Shops:
D:5 (   D:7 !

Annotations:
Lair:1 exclusion: 2 oklob plants
Lair:3 exclusion: acid dragon


Innate Abilities, Weirdness & Mutations

You are too large for most types of armour.
You have tough skin. (AC +1)


Message History

The yak misses you.
You bludgeon the yak!!
The yak is poisoned.
The yak is severely wounded.
The yak barely misses you.
You thump the yak! You drain the yak!
The yak is heavily wounded.
The yak gores you!
* * * LOW HITPOINT WARNING * * *
The yak barely misses you.
You sock the yak!
You kill the yak!
Trog accepts your kill.
You bludgeon the yak!!
You kill the yak!
Trog accepts your kill.
Your Staves skill increases to level 13!
You sock the yak!
The yak is poisoned.
The yak is moderately wounded.
The yak gores you!
You die...

##............# .#
####P...........##
...##.#.............#
....................#
.........#...........#
)Y.......#...........#
.....##.YY..........##
..Y ##Y#..........# Y
#@†......<....#
##Y#..........#
#............#
#.............
#............
.............
.......## .......#


You could see 4 yaks.

Vanquished Creatures
  Erolcha (D:9)
  A centaur warrior (D:10)
  2 two-headed ogres
  The ghost of GordonOverkill the Jinx, a novice SpEn of Gozag (D:8)
  2 black mambas
  2 spiny frogs (Lair:1)
  12 rime drakes
  A komodo dragon (Lair:1)
  A troll (D:8)
  12 blink frogs
  5 dream sheep (Lair:1)
  Grinder (D:4)
  3 hippogriffs
  Sigmund (D:4)
  33 yaks
  A basilisk (Lair:3)
  7 steam dragons
  Grum (D:8)
  A hungry ghost (D:8)
  A naga (Lair:3)
  The ghost of Mulkerokala the Cutter, an amateur KoCK of Xom (D:3)
  An acid dragon (Lair:3)
  2 wargs (D:10)
  4 water moccasins
  6 porcupines
  7 orc warriors
  3 ice beasts
  3 sky beasts
  3 black bears
  7 ogres
  2 phantoms
  9 wolves
  2 centaurs
  7 crocodiles
  Blork the orc (D:5)
  9 bullfrogs
  A wyvern skeleton (D:10)
  A water moccasin skeleton (D:8)
  6 scorpions
  8 wights (D:9)
  A howler monkey (D:4)
  A bullfrog zombie (D:8)
  A centaur zombie (D:9)
  2 crimson imps
  5 hounds
  2 jellies
  A hound (shapeshifter) (D:9)
  Crazy Yiuf (D:3)
  2 bullfrog skeletons
  9 orc priests
  2 centaur skeletons
  A gnoll shaman (D:5)
  4 iguanas
  Ijyb (D:4)
  6 orc wizards
  8 worker ants
  A hound skeleton (D:10)
  6 gnolls
  15 adders
  3 shadow imps
  An ooze (D:4)
  2 adder zombies
  3 worms
  2 dart slugs (D:1)
  6 leopard geckos
  25 orcs
  4 giant cockroaches
  10 goblins
  7 hobgoblins
  9 jackals
  5 quokkas
  3 ball pythons
  3 bats
  6 frilled lizards
  A giant cockroach zombie (D:5)
  A jackal skeleton (D:7)
  5 kobolds
  A quokka skeleton (D:4)
  A quokka zombie (D:7)
  6 rats
345 creatures vanquished.

Vanquished Creatures (collateral kills)
  A manticore (D:10)
  A troll (D:10)
2 creatures vanquished.

Vanquished Creatures (others)
  A steam dragon (Lair:3)
  A wolf (D:8)
  A worker ant (D:4)
  3 fungi (Lair:1)
  A plant (Lair:1)
7 creatures vanquished.

Grand Total: 354 creatures vanquished

Notes
Turn   | Place    | Note
-------+----------+-------------------------------------------
     0 | D:1      | JackS81 the Ogre Berserker began the quest for the Orb.
     0 | D:1      | Reached XP level 1. HP: 24/24 MP: 1/1
    32 | D:1      | Reached XP level 2. HP: 24/32 MP: 2/2
   416 | D:1      | Reached XP level 3. HP: 35/39 MP: 3/3
   622 | D:1      | Reached ** piety under Trog
  1177 | D:2      | Found an ornate altar of the Wu Jian Council.
  1180 | D:2      | Reached XP level 4. HP: 48/48 MP: 4/4
  1714 | D:2      | Found a sacrificial altar of Ru.
  2082 | D:3      | Found a runed door.
  2086 | D:3      | Noticed Crazy Yiuf
  2092 | D:3      | Killed Crazy Yiuf
  2092 | D:3      | Reached skill level 5 in Maces & Flails
  2092 | D:3      | Reached XP level 5. HP: 54/54 MP: 5/5
  2288 | D:3      | Noticed Mulkerokala's ghost (amateur KoCK)
  2298 | D:3      | Killed Mulkerokala's ghost
  2298 | D:3      | Reached XP level 6. HP: 62/62 MP: 6/6
  2962 | D:4      | Noticed Grinder
  2981 | D:4      | Paralysed by Grinder for 3 turns
  2987 | D:4      | Killed Grinder
  2987 | D:4      | Reached XP level 7. HP: 45/70 MP: 7/7
  3213 | D:4      | Found a glowing golden altar of the Shining One.
  3328 | D:4      | Reached skill level 5 in Staves
  3532 | D:4      | Noticed Sigmund
  3540 | D:4      | Killed Sigmund
  3540 | D:4      | Reached XP level 8. HP: 78/78 MP: 8/8
  3620 | D:4      | Noticed Ijyb
  3627 | D:4      | Killed Ijyb
  3808 | D:5      | Entered Level 5 of the Dungeon
  3949 | D:5      | Found Konaesmu's Weapon Shop.
  4183 | D:5      | Noticed Blork the orc
  4192 | D:5      | Killed Blork the orc
  4558 | D:5      | Found a burning altar of Makhleb.
  4558 | D:5      | Found a radiant altar of Vehumet.
  4919 | D:6      | Found a white marble altar of Elyvilon.
  4987 | D:6      | Reached XP level 9. HP: 83/84 MP: 9/9
  5061 | D:6      | Reached *** piety under Trog
  5076 | D:6      | Reached skill level 1 in Evocations
  5102 | D:6      | Reached skill level 5 in Fighting
  5220 | D:6      | Reached skill level 5 in Dodging
  5364 | D:6      | Found a sacrificial altar of Ru.
  5424 | D:6      | Reached skill level 6 in Fighting
  5510 | D:6      | Found a shattered altar of Ashenzari.
  5515 | D:6      | Saw a vision of the Swamp and the Snake Pit.
  5515 | D:6      | Noticed an alligator
  5515 | D:6      | Noticed a naga mage
  5515 | D:6      | Noticed a black mamba
  5515 | D:6      | Noticed a black mamba
  5515 | D:6      | Noticed a naga sharpshooter
  5517 | D:6      | Noticed an anaconda
  5517 | D:6      | Noticed a black mamba
  5831 | D:7      | Found an ancient bone altar of Kikubaaqudgha.
  5876 | D:7      | Reached skill level 7 in Fighting
  5888 | D:7      | Found a sacrificial altar of Ru.
  5920 | D:7      | Found a hazy altar of Hepliaklqana.
  5995 | D:7      | Reached skill level 8 in Fighting
  6122 | D:7      | Found a staircase to the Ecumenical Temple.
  6179 | D:7      | Found Meamowia's Distillery.
  6230 | D:7      | Reached XP level 10. HP: 75/106 MP: 12/12
  6234 | D:7      | Reached skill level 9 in Fighting
  6242 | D:7      | Bought a potion of curing for 30 gold pieces
  6242 | D:7      | Bought a potion of heal wounds for 50 gold pieces
  6309 | D:7      | Found a sparkling altar of Nemelex Xobeh.
  6436 | D:8      | Found a shattered altar of Ashenzari.
  6546 | D:8      | Noticed GordonOverkill's ghost (novice SpEn)
  6569 | D:8      | Killed GordonOverkill's ghost
  6625 | D:8      | Noticed Grum
  6636 | D:8      | Reached skill level 10 in Fighting
  6641 | D:8      | Killed Grum
  7028 | D:9      | Reached **** piety under Trog
  7030 | D:9      | Reached skill level 11 in Fighting
  7133 | D:9      | Noticed Erolcha
  7157 | D:9      | Killed Erolcha
  7298 | D:9      | Reached skill level 12 in Fighting
  7300 | D:9      | Reached XP level 11. HP: 73/123 MP: 14/14
  7704 | D:9      | Found a hazy altar of Hepliaklqana.
  7705 | D:9      | Noticed a two-headed ogre
  7717 | D:9      | Killed a two-headed ogre
  7827 | D:10     | Entered Level 10 of the Dungeon
  7835 | D:10     | Noticed a two-headed ogre
  7845 | D:10     | Killed a two-headed ogre
  7946 | D:10     | Noticed a centaur warrior
  7958 | D:10     | Killed a centaur warrior
  7958 | D:10     | Reached skill level 10 in Staves
  8048 | D:10     | Noticed a manticore
  8053 | D:10     | Killed a manticore
  8123 | D:10     | Reached skill level 5 in Evocations
  8533 | D:10     | Found a staircase to the Orcish Mines.
  8749 | D:10     | Found a staircase to the Lair.
  8757 | Lair:1   | Entered Level 1 of the Lair of Beasts
  9026 | Lair:1   | Noticed an oklob plant
  9026 | Lair:1   | Noticed an oklob plant
  9345 | Lair:1   | Reached skill level 13 in Fighting
 10111 | Lair:1   | Reached XP level 12. HP: 136/136 MP: 16/16
 10602 | Lair:2   | Reached skill level 14 in Fighting
 10602 | Lair:2   | Reached XP level 13. HP: 146/146 MP: 16/18
 11190 | Lair:3   | Found a staircase to the Snake Pit.
 13189 | Lair:4   | HP: 6/148 [blink frog (12)]
 13573 | Lair:4   | Received a gift from Trog
 13876 | Lair:4   | HP: 8/222 [yak (11)]
 13879 | Lair:4   | Slain by a yak

Vault maps used:
D:1:      roderic_crossed_star
D:2:      lemuel_crystal_altar, nicolae_ru_the_path_less_chosen
D:3:      uniq_crazy_yiuf_cottage
D:4:      kennysheep_little_box, minmay_misc_feat_secret_circle, uniq_grinder,
          uniq_ijyb, uniq_sigmund
D:5:      grunt_temple_overflow_lords_of_destruction, first_bread, serial_shops,
          nicolae_shop_crystal, uniq_blork_the_orc
D:6:      elyvilon_altar_5, lemuel_coloured_pillars_altar,
          grunt_ashenzari_visionary
D:7:      kiku_gazebo_garden_becter, nemelex_altar_shiori, lemuel_round_altar,
          minmay_temple_entry_nine_rooms, basic_altar, serial_shops,
          nicolae_shop_behind_doors, grunt_ogre_cave
D:8:      basic_altar, uniq_grum
D:9:      basic_altar, kennysheep_generic_room_16, uniq_erolcha
D:10:     minmay_cornered_nines, lair_entry_dummy, david_orc_1_choice
Lair:1:   minmay_lair_oklob_chamber, lemuel_fruit_tree
Lair:2:   beast_lair_carwin_2, infiniplex_staircase_pool_2
Lair:3:   guppyfry_snake_entry_island, bobbens_dragon_lair_wall,
          grunt_megastairs_5
Lair:4:   swamp_mist_pool, grunt_megastairs_4

Skill      XL: |  1  2  3  4  5  6  7  8  9 10 11 12 13 |
---------------+----------------------------------------+-----
Maces & Flails | 3 4 5 |  5.1
Staves         | 2 4 6 9 11 13 | 13.0
Dodging        | 3 4 6 7 8 9 |  9.6
Evocations     | 3 4 5 7 8 |  8.1
Fighting       | 8 12 13 14 | 14.9
Invocations    | 3 |  3.2

Action                   |  1- 3 |  4- 6 |  7- 9 | 10-12 | 13-15 || total
-------------------------+-------+-------+-------+-------+-------++-------
Melee: Mace              |    99 |    53 |       |       |       ||   152
       Quarterstaff      |       |    42 |   271 |   383 |   360 ||  1056
Throw: Stone             |       |     3 |       |       |       ||     3
       Tomahawk          |       |       |     6 |     5 |     4 ||    15
Invok: Berserk           |     2 |     3 |     8 |     8 |     4 ||    25
       Trog's Hand       |     1 |     2 |     9 |    16 |    10 ||    38
       Burn Spellbooks   |       |       |       |     1 |       ||     1
       Brothers in Arms  |       |       |       |     1 |       ||     1
Evoke: Wand              |       |       |       |     1 |       ||     1
  Use: Scroll            |       |       |       |    11 |    10 ||    21
       Potion            |       |       |       |     3 |    10 ||    13
 Stab: Confused          |       |       |     1 |       |       ||     1
       Paralysed         |       |       |       |     3 |     6 ||     9
       Petrifying        |       |       |       |     2 |       ||     2
       Invisible         |       |       |       |       |     2 ||     2
  Eat: Chunk             |     3 |     4 |    17 |    21 |    16 ||    61
       Bread ration      |       |     1 |     1 |     2 |       ||     4
       Fruit             |       |       |     1 |       |     1 ||     2
Armor: Animal skin       |    30 |    25 |    38 |    38 |     8 ||   139
       Steam dragon scal |       |       |       |       |    29 ||    29
Dodge: Dodged            |    59 |    36 |   128 |   154 |   164 ||   541
       Deflected         |       |       |       |       |     5 ||     5

Table legend:
 A = Spawn XP
 B = Non-spawn XP
 C = Spawn XP percentage of total XP
 D = Spawn monster count
 E = Non-spawn monster count
 F = Spawn count percentage of total count
 G = Total turns spent on level
                    A         B        C        D         E        F      G
               +---------+---------+-------+---------+---------+-------+---------
         Total |    5248 |   32399 |  13.9 |      43 |     307 |  12.3 | 13879
               +---------+---------+-------+---------+---------+-------+---------
           D:1 |       4 |      39 |   9.3 |       2 |      21 |   8.7 |   855
           D:2 |      19 |      66 |  22.4 |       3 |      17 |  15.0 |  1105
           D:3 |       3 |     242 |   1.2 |       2 |      16 |  11.1 |   920
           D:4 |     118 |    1009 |  10.5 |       1 |      26 |   3.7 |   928
           D:5 |      58 |     734 |   7.3 |       2 |      16 |  11.1 |  1109
           D:6 |     124 |     894 |  12.2 |       2 |      22 |   8.3 |   861
           D:7 |      20 |    1562 |   1.3 |       3 |      33 |   8.3 |   657
           D:8 |     222 |    2108 |   9.5 |       2 |      13 |  13.3 |   577
           D:9 |    1116 |    2822 |  28.3 |       8 |      27 |  22.9 |   815
          D:10 |       3 |    4204 |   0.1 |       1 |      27 |   3.6 |   930
        Lair:1 |    2638 |    1513 |  63.6 |      11 |       5 |  68.8 |  1399
        Lair:2 |       0 |    2168 |   0.0 |       0 |      13 |   0.0 |   975
        Lair:3 |     229 |    9388 |   2.4 |       2 |      44 |   4.3 |  1927
        Lair:4 |     694 |    5650 |  10.9 |       4 |      27 |  12.9 |   821
               +---------+---------+-------+---------+---------+-------+---------
